 Dungeon Crawl Stone Soup version 0.21.1-1-g345015f (webtiles) character file.

168 kaesh the Ruffian (level 5, -6/53 HPs)
             Began as a Troll Monk on Feb 27, 2018.
             Mangled by Xelenos's ghost (10 damage)
             ... on level 3 of the Dungeon.
             The game lasted 00:05:11 (1455 turns).

kaesh the Ruffian (Troll Monk)                      Turns: 1455, Time: 00:05:11

Health: -6/53      AC:  5    Str: 20    XL:     5   Next: 23%
Magic:  3/3        EV: 11    Int:  6    God:
Gold:   146        SH:  0    Dex: 12    Spells: 4/4 levels left

rFire    + + .     SeeInvis .     - Unarmed
rCold    x . .     Gourm    +   (no shield)
rNeg     . . .     Faith    .   a - +0 robe
rPois    .         Spirit   .   (helmet restricted)
rElec    +         Reflect  .   (no cloak)
rCorr    .         Harm     .   (gloves unavailable)
MR       .....                  (boots unavailable)
Stlth    ++........             (no amulet)
HPRegen  0.57/turn              g - ring of fire
MPRegen  0.08/turn              e - ring of protection from fire

@: no status effects
A: large, unfitting armour, claws 3, fast metabolism 3, gourmand, low mp 1,
regeneration 1, shaggy fur 1, electricity resistance, tough skin 2
a: no special abilities


You were on level 3 of the Dungeon.
You were very full.

You visited 1 branch of the dungeon, and saw 3 of its levels.

You collected 146 gold pieces.

Inventory:

Armour
 a - a +0 robe (worn)
Jewellery
 e - a ring of protection from fire (right claw)
 g - a ring of fire (left claw)
Scrolls
 i - a scroll of teleportation
 j - a scroll of fear
 l - a scroll of fog
Potions
 d - a potion of heal wounds
 f - 2 potions of curing
 k - a potion of agility {unknown}
Comestibles
 b - 5 rations
 c - 10 chunks of flesh


   Skills:
 + Level 3.4 Fighting
 + Level 3.4 Dodging
 - Level 1.0 Stealth
 + Level 4.2 Unarmed Combat


You had 4 spell levels left.
You didn't know any spells.

Dungeon Overview and Level Annotations

Branches:
Dungeon (3/15)

Altars:
Elyvilon

Annotations:
D:3 Xelenos's ghost, amateur FoFi


Innate Abilities, Weirdness & Mutations

You are too large for most types of armour.
You have claws for hands.
Your metabolism is lightning-fast.
You like to eat raw meat.
Your natural rate of healing is unusually fast.
You are covered in fur. (AC +1)
You have very tough skin. (AC +2)
Your magical capacity is low. (-10% MP)
You are resistant to electric shocks. (rElec)


Message History

Xelenos's ghost is severely damaged.
Xelenos's ghost closely misses you. The goblin hits you but does no damage.
You scratch Xelenos's ghost but do no damage.
Xelenos's ghost is severely damaged.
Xelenos's ghost closely misses you. The goblin hits you but does no damage.
You scratch Xelenos's ghost.
Xelenos's ghost is severely damaged.
Xelenos's ghost hits you!
* * * LOW HITPOINT WARNING * * *
You scratch Xelenos's ghost but do no damage.
Xelenos's ghost is severely damaged.
The goblin completely misses you. Xelenos's ghost hits you.
* * * LOW HITPOINT WARNING * * *
You scratch Xelenos's ghost but do no damage.
Xelenos's ghost is severely damaged.
The goblin hits you but does no damage.
You claw Xelenos's ghost!
Xelenos's ghost is almost destroyed.
Xelenos's ghost hits you!
You die...

###....... #.#
#...###... #######.# #.#
#.... ##.....#.#####.##
#....
##........##.....###....
#.........##............
#.........##.....###....
#...........[....####...
#.....W@..........())...
#.....g...##.....#######
#...............<.......
#.........####.#########
#.........# #.#
#.........# #..
#.........# ##.#
##.......## .#


You could see Xelenos's ghost and a goblin.

Vanquished Creatures
  9 adders
  3 worms
  3 dart slugs
  2 leopard geckos
  4 orcs (D:3)
  3 giant cockroaches
  9 goblins
  7 hobgoblins
  6 jackals
  A ball python (D:2)
  5 bats
  2 frilled lizards
  6 kobolds
  13 rats
73 creatures vanquished.

Notes
Turn   | Place    | Note
-------+----------+-------------------------------------------
     0 | D:1      | kaesh the Troll Monk began the quest for the Orb.
     0 | D:1      | Reached XP level 1. HP: 22/22 MP: 0/0
    34 | D:1      | Reached XP level 2. HP: 25/29 MP: 1/1
   285 | D:1      | Reached XP level 3. HP: 35/36 MP: 2/2
   775 | D:2      | Reached XP level 4. HP: 45/45 MP: 3/3
   897 | D:2      | Gained mutation: Your magical capacity is low. (-10% MP) [potion of mutation]
   897 | D:2      | Gained mutation: You are dopey. (Int -2) [potion of mutation]
   897 | D:2      | Lost mutation: You are dopey. (Int -2) [potion of mutation]
   897 | D:2      | Gained mutation: You are resistant to electric shocks. (rElec) [potion of mutation]
   992 | D:2      | Found a white marble altar of Elyvilon.
  1028 | D:2      | Reached skill level 4 in Unarmed Combat
  1276 | D:3      | Reached XP level 5. HP: 53/53 MP: 3/3
  1441 | D:3      | Noticed Xelenos's ghost (amateur FoFi)
  1455 | D:3      | Mangled by Xelenos's ghost

Skill      XL: |  1  2  3  4 |
---------------+-------------+-----
Fighting       | 3 |  3.4
Dodging        | 3 |  3.4
Unarmed Combat | 4 |  4.2
Stealth        | |  1.0

Action                   |  1- 3 |  4- 6 || total
-------------------------+-------+-------++-------
Melee: Unarmed           |    82 |    93 ||   175
       Punch             |     1 |     3 ||     4
  Use: Scroll            |     7 |       ||     7
       Potion            |     2 |     2 ||     4
 Stab: Sleeping          |     1 |     3 ||     4
  Eat: Chunk             |    13 |     4 ||    17
Armor: Robe              |    28 |    29 ||    57
Dodge: Dodged            |    45 |    40 ||    85
